TOP OF THE 1ST |
New York Yankees batting - Pitching for Texas Rangers : RHP Catfish Hunter
|
Pitching: RHP Catfish Hunter
|
|
Batting: LHB Wade Boggs
|
0-0: Ball 1-0: Swinging Strike 1-1: Ball 2-1: Foul Ball, location: 2F 2-2: SINGLE (Groundball, 5S, EV 60.6 MPH) (infield hit)
|
Batting: SHB Willie Wilson
|
0-0: Called Strike 0-1: Ball 1-1: Fielders Choice at 2nd, 4-6 (Groundball, 4M, EV 87.5 MPH)
|
Batting: LHB Kent Hrbek
|
0-0: Ball 1-0: Ball 2-0: Called Strike 2-1: Foul Ball, location: 2F 2-2: Ball 3-2: Foul Ball, location: 2F 3-2: Ground out 6-3 (Groundball, 6, EV 101.9 MPH) Willie Wilson to second
|
Batting: LHB George Kaage
|
0-0: SINGLE (Groundball, 6D, EV 104.4 MPH) Willie Wilson to third Runner from 3rd tries for Home, SAFE, throw by LF to home
|
Batting: RHB Pedro Guerrero
|
0-0: Ball 1-0: Called Strike 1-1: Ball 2-1: Swinging Strike 2-2: Ball George Kaage is caught stealing 2nd base 2-4
|
Top of the 1st over - 1 run, 2 hits, 0 errors, 0 left on base; New York 1 - Texas 0 |
BOTTOM OF THE 1ST |
Texas Rangers batting - Pitching for New York Yankees : LHP Rick Honeycutt
|
Pitching: LHP Rick Honeycutt
|
|
Batting: LHB Lenny Dykstra
|
0-0: Called Strike 0-1: Foul Ball, location: 2F 0-2: Foul Ball, location: 2F 0-2: Fly out, F9 (Line Drive, 9, EV 94.4 MPH)
|
Batting: RHB Kirby Puckett
|
0-0: SINGLE (Flyball, 9LS, EV 100.0 MPH)
|
Batting: RHB Steve Garvey
|
0-0: Foul Ball, location: 2F 0-1: Ball 1-1: SINGLE (Flyball, 56D, EV 89.4 MPH) Kirby Puckett to second
|
Batting: RHB Steve Balboni
|
0-0: Foul Ball, location: 2F 0-1: Foul Ball, location: 2F 0-2: Grounds into double play, U5-3 (Groundball, 5L, EV 92.5 MPH)
|
Bottom of the 1st over - 0 runs, 2 hits, 0 errors, 1 left on base; New York 1 - Texas 0 |
TOP OF THE 2ND |
New York Yankees batting - Pitching for Texas Rangers : RHP Catfish Hunter
|
Batting: RHB Pedro Guerrero
|
0-0: Ground out 5-3 (Groundball, 56S, EV 81.9 MPH)
|
Batting: LHB Mario Cabrera
|
0-0: Swinging Strike 0-1: Ball 1-1: Fly out, F8 (Flyball, 8LS, EV 91.3 MPH)
|
Batting: RHB Rod Allen
|
0-0: Called Strike 0-1: Ground out 5-3 (Groundball, 56S, EV 63.8 MPH)
|
Top of the 2nd over - 0 runs, 0 hits, 0 errors, 0 left on base; New York 1 - Texas 0 |
BOTTOM OF THE 2ND |
Texas Rangers batting - Pitching for New York Yankees : LHP Rick Honeycutt
|
Batting: LHB Jody Helser
|
0-0: Called Strike 0-1: Ball 1-1: Called Strike 1-2: Ball 2-2: Ground out 4-3 (Groundball, 4, EV 82.5 MPH)
|
Batting: LHB Richie Hebner
|
0-0: Ball 1-0: Ground out U3 (Groundball, 3L, EV 83.1 MPH)
|
Batting: RHB George Bjorkman
|
0-0: Ball 1-0: Foul Ball, location: 2F 1-1: Foul Ball, location: 2F 1-2: Ball 2-2: Ground out 3-1 (Groundball, 34D, EV 85.6 MPH)
|
Bottom of the 2nd over - 0 runs, 0 hits, 0 errors, 0 left on base; New York 1 - Texas 0 |
TOP OF THE 3RD |
New York Yankees batting - Pitching for Texas Rangers : RHP Catfish Hunter
|
Batting: LHB Ron Hassey
|
0-0: Ball 1-0: Ball 2-0: Called Strike 2-1: Swinging Strike 2-2: Foul Ball, location: 2F 2-2: Ball 3-2: Strikes out swinging
|
Batting: RHB Emanuel Cortez
|
0-0: Called Strike 0-1: Ball 1-1: Ball 2-1: Ball 3-1: Called Strike 3-2: SINGLE (Line Drive, 7S, EV 108.8 MPH)
|
Batting: LHB Wade Boggs
|
0-0: Ball Wild Pitch! Emanuel Cortez to second 1-0: Swinging Strike 1-1: Called Strike 1-2: Fly out, F7 (Flyball, 7LS, EV 83.1 MPH)
|
Batting: SHB Willie Wilson
|
0-0: Reached on error, E3 (Groundball, 3, EV 87.5 MPH) Emanuel Cortez to third
|
Batting: LHB Kent Hrbek
|
0-0: Called Strike 0-1: Swinging Strike 0-2: Ball 1-2: Ball 2-2: Ground out 6-3 (Groundball, 6S, EV 85.6 MPH)
|
Top of the 3rd over - 0 runs, 1 hit, 1 error, 2 left on base; New York 1 - Texas 0 |
BOTTOM OF THE 3RD |
Texas Rangers batting - Pitching for New York Yankees : LHP Rick Honeycutt
|
Batting: RHB Juan Rodriguez
|
0-0: Fly out, F9 (Flyball, 89M, EV 90.0 MPH)
|
Batting: RHB Juan Samuel
|
0-0: Ball 1-0: Ball 2-0: Ball 3-0: Base on Balls
|
Batting: LHB Lenny Dykstra
|
0-0: Called Strike 0-1: Ball Wild Pitch! Juan Samuel to second 1-1: Fly out, F7 (Line Drive, 7, EV 97.5 MPH)
|
Batting: RHB Kirby Puckett
|
0-0: Ball 1-0: Foul Ball, location: 2F 1-1: Called Strike 1-2: Ball 2-2: SINGLE (Groundball, 56S, EV 70.0 MPH) (infield hit) Juan Samuel to third
|
Batting: RHB Steve Garvey
|
0-0: Called Strike 0-1: Ball Wild Pitch! Juan Samuel scores Kirby Puckett to second 1-1: SINGLE (Line Drive, 6MD, EV 94.4 MPH) Kirby Puckett to third Runner from 3rd tries for Home, SAFE, throw by CF to home
|
Batting: RHB Steve Balboni
|
0-0: Called Strike 0-1: Ball 1-1: Ball 2-1: Foul Ball, location: 2F 2-2: Foul Ball, location: 2F 2-2: DOUBLE (Flyball, 8LXD, EV 105.0 MPH) Steve Garvey to third Runner from 3rd tries for Home, SAFE, no throw by CF
|
Batting: LHB Jody Helser
|
0-0: Ground out 6-3 (Groundball, 6, EV 102.5 MPH)
|
Bottom of the 3rd over - 3 runs, 3 hits, 0 errors, 1 left on base; New York 1 - Texas 3 |
TOP OF THE 4TH |
New York Yankees batting - Pitching for Texas Rangers : RHP Catfish Hunter
|
Batting: LHB George Kaage
|
0-0: Called Strike 0-1: Ball 1-1: SINGLE (Line Drive, 78S, EV 103.8 MPH)
|
Batting: RHB Pedro Guerrero
|
0-0: Called Strike 0-1: Ball 1-1: Ball 2-1: Grounds into double play, 5-4-3 (Groundball, 5, EV 106.3 MPH)
|
Batting: LHB Mario Cabrera
|
0-0: Ball 1-0: Called Strike 1-1: Ball 2-1: Foul Ball, location: 2F 2-2: Fly out, F8 (Line Drive, 8LM, EV 92.5 MPH)
|
Top of the 4th over - 0 runs, 1 hit, 0 errors, 0 left on base; New York 1 - Texas 3 |
BOTTOM OF THE 4TH |
Texas Rangers batting - Pitching for New York Yankees : LHP Rick Honeycutt
|
Batting: LHB Richie Hebner
|
0-0: Ball 1-0: Ball 2-0: Called Strike 2-1: Foul Ball, location: 2F 2-2: Ball 3-2: Fly out, F3 (Popup, 23F, EV 88.1 MPH)
|
Batting: RHB George Bjorkman
|
0-0: Foul Ball, location: 2F 0-1: Ball 1-1: Ground out 5-3 (Groundball, 5S, EV 67.5 MPH)
|
Batting: RHB Juan Rodriguez
|
0-0: Ball 1-0: Swinging Strike 1-1: Foul Ball, location: 2F 1-2: Ball 2-2: SINGLE (Line Drive, 4D, EV 101.9 MPH)
|
Batting: RHB Juan Samuel
|
0-0: Ball 1-0: Ball Juan Rodriguez steals 2nd base 2-0: Foul Ball, location: 2F 2-1: Foul Ball, location: 2F 2-2: Strikes out swinging
|
Bottom of the 4th over - 0 runs, 1 hit, 0 errors, 1 left on base; New York 1 - Texas 3 |
TOP OF THE 5TH |
New York Yankees batting - Pitching for Texas Rangers : RHP Catfish Hunter
|
Batting: RHB Rod Allen
|
0-0: Fly out, F4 (Flyball, 34D, EV 85.6 MPH)
|
Batting: LHB Ron Hassey
|
0-0: Ball 1-0: Called Strike 1-1: Foul Ball, location: 2F 1-2: Fly out, F8 (Flyball, 89M, EV 88.1 MPH)
|
Batting: RHB Emanuel Cortez
|
0-0: Ball 1-0: Ball 2-0: Called Strike 2-1: Ball 3-1: Foul Ball, location: 2F 3-2: Foul Ball, location: 2F 3-2: Foul Ball, location: 2LF, Error on foul ball, E2 3-2: Fly out, F7 (Line Drive, 7D, EV 91.9 MPH)
|
Top of the 5th over - 0 runs, 0 hits, 1 error, 0 left on base; New York 1 - Texas 3 |
BOTTOM OF THE 5TH |
Texas Rangers batting - Pitching for New York Yankees : LHP Rick Honeycutt
|
Batting: LHB Lenny Dykstra
|
0-0: Swinging Strike 0-1: SINGLE (Groundball, 4M, EV 100.6 MPH) (infield hit)
|
Batting: RHB Kirby Puckett
|
0-0: Called Strike 0-1: Ball 1-1: Foul Ball, location: 2F 1-2: Ball 2-2: Ball 3-2: Fly out, F8 (Line Drive, 8LM, EV 97.5 MPH)
|
Batting: RHB Steve Garvey
|
0-0: Ball 1-0: Ground out 5-3 (Groundball, 56, EV 97.5 MPH) Lenny Dykstra to second
|
Batting: RHB Steve Balboni
|
0-0: Ground out 5-3 (Groundball, 56, EV 87.5 MPH)
|
Bottom of the 5th over - 0 runs, 1 hit, 0 errors, 1 left on base; New York 1 - Texas 3 |
TOP OF THE 6TH |
New York Yankees batting - Pitching for Texas Rangers : RHP Catfish Hunter
|
Batting: LHB Wade Boggs
|
0-0: SINGLE (Line Drive, 89S, EV 91.9 MPH)
|
Batting: SHB Willie Wilson
|
0-0: Foul Ball, location: 2F 0-1: Fly out, F7 (Flyball, 78M, EV 84.4 MPH)
|
Batting: LHB Kent Hrbek
|
0-0: Called Strike 0-1: Ball 1-1: Ball 2-1: SINGLE (Flyball, 34D, EV 94.4 MPH) Wade Boggs to second Runner from 2nd tries for 3rd, SAFE, throw by RF made to third
|
Batting: LHB George Kaage
|
0-0: Ball 1-0: SINGLE (Groundball, 6M, EV 81.9 MPH) (infield hit) Wade Boggs scores Kent Hrbek to second
|
Batting: RHB Pedro Guerrero
|
0-0: Ball 1-0: Called Strike 1-1: Foul Ball, location: 2F 1-2: Fly out, F9 (Flyball, 9D, EV 90.6 MPH)
|
Batting: LHB Mario Cabrera
|
0-0: Called Strike 0-1: Called Strike 0-2: Foul Ball, location: 2F 0-2: DOUBLE (Groundball, 3L, EV 101.9 MPH) Kent Hrbek scores George Kaage to third Runner from 3rd tries for Home, SAFE, throw by RF to home
|
Batting: RHB Rod Allen
|
0-0: Ground out 6-3 (Groundball, 6, EV 90.0 MPH)
|
Top of the 6th over - 3 runs, 4 hits, 0 errors, 1 left on base; New York 4 - Texas 3 |
BOTTOM OF THE 6TH |
Texas Rangers batting - Pitching for New York Yankees : LHP Rick Honeycutt
|
Batting: LHB Jody Helser
|
0-0: Ball 1-0: SINGLE (Line Drive, 56D, EV 99.4 MPH)
|
Batting: LHB Richie Hebner
|
0-0: Called Strike 0-1: SINGLE (Line Drive, 8RS, EV 107.5 MPH) Jody Helser to second Runner from 2nd tries for 3rd, SAFE, no throw by CF
|
Batting: RHB George Bjorkman
|
0-0: Ball 1-0: Foul Ball, location: 2F 1-1: Ball 2-1: Foul Ball, location: 2F 2-2: Ball 3-2: Foul Ball, location: 2F 3-2: Base on Balls Richie Hebner to second
|
Batting: RHB Juan Rodriguez
|
0-0: Ball 1-0: Called Strike 1-1: Called Strike 1-2: Grounds into fielders choice 5-2 (Groundball, 5, EV 80.6 MPH) Richie Hebner to third George Bjorkman to second
|
Batting: RHB Juan Samuel
|
0-0: Ball 1-0: Grounds into fielders choice 6-2 (Groundball, 6, EV 89.4 MPH) George Bjorkman to third Juan Rodriguez to second
|
Batting: LHB Lenny Dykstra
|
0-0: Ground out 3-1 (Groundball, 34S, EV 84.4 MPH)
|
Bottom of the 6th over - 0 runs, 2 hits, 0 errors, 3 left on base; New York 4 - Texas 3 |
TOP OF THE 7TH |
New York Yankees batting - Pitching for Texas Rangers : RHP Catfish Hunter
|
Batting: LHB Ron Hassey
|
0-0: Ball 1-0: Ball 2-0: Ground out 5-3 (Groundball, 56, EV 103.1 MPH)
|
Batting: RHB Emanuel Cortez
|
0-0: Ball 1-0: Called Strike 1-1: Fly out, F9 (Flyball, 89S, EV 87.5 MPH)
|
Batting: LHB Wade Boggs
|
0-0: Hit by Pitch
|
Pitching: RHP Ben Hayes
|
|
Batting: SHB Willie Wilson
|
0-0: Ball 1-0: Ball 2-0: Ball 3-0: Ground out 4-3 (Groundball, 34D, EV 103.8 MPH)
|
Top of the 7th over - 0 runs, 0 hits, 0 errors, 1 left on base; New York 4 - Texas 3 |
BOTTOM OF THE 7TH |
Texas Rangers batting - Pitching for New York Yankees : LHP Rick Honeycutt
|
Batting: RHB Kirby Puckett
|
0-0: Ball 1-0: Ball 2-0: Called Strike 2-1: Ball 3-1: Foul Ball, location: 2F 3-2: Foul Ball, location: 2F 3-2: Foul Ball, location: 2F 3-2: DOUBLE (Line Drive, 89D, EV 108.1 MPH)
|
Batting: RHB Steve Garvey
|
0-0: Ball 1-0: Swinging Strike 1-1: Ground out 6-3 (Groundball, 6, EV 86.3 MPH) Kirby Puckett to third
|
Batting: RHB Steve Balboni
|
0-0: Ball 1-0: SINGLE (Line Drive, 6MD, EV 95.6 MPH) Kirby Puckett scores
|
Batting: LHB Jody Helser
|
0-0: Ball 1-0: Swinging Strike 1-1: Ball 2-1: Fly out, F9 (Flyball, 9D, EV 100.6 MPH)
|
Pitching: LHP Jose Paz
|
|
Batting: LHB Richie Hebner
|
0-0: Called Strike 0-1: SINGLE (Line Drive, 89M, EV 101.9 MPH) Steve Balboni to second
|
Batting: RHB George Bjorkman
|
0-0: Swinging Strike 0-1: Foul Ball, location: 2F 0-2: Foul Ball, location: 2F 0-2: Ball 1-2: Strikes out swinging
|
Bottom of the 7th over - 1 run, 3 hits, 0 errors, 2 left on base; New York 4 - Texas 4 |
TOP OF THE 8TH |
New York Yankees batting - Pitching for Texas Rangers : RHP Ben Hayes
|
Batting: LHB Kent Hrbek
|
0-0: Ball 1-0: Ball 2-0: Ball 3-0: Called Strike 3-1: DOUBLE (Line Drive, 9LS, EV 91.9 MPH)
|
Batting: LHB George Kaage
|
0-0: Intentional Walk
|
Batting: RHB Pedro Guerrero
|
0-0: Ball 1-0: Called Strike 1-1: Grounds into double play, 6-4-3 (Groundball, 6, EV 92.5 MPH) Kent Hrbek to third
|
Batting: LHB Mario Cabrera
|
0-0: Swinging Strike 0-1: Swinging Strike 0-2: Foul Ball, location: 2F 0-2: Foul Ball, location: 2F 0-2: Ground out 5-3 (Groundball, 56, EV 87.5 MPH)
|
Top of the 8th over - 0 runs, 1 hit, 0 errors, 1 left on base; New York 4 - Texas 4 |
BOTTOM OF THE 8TH |
Texas Rangers batting - Pitching for New York Yankees : LHP Jose Paz
|
Batting: RHB Juan Rodriguez
|
0-0: Foul Ball, location: 2F 0-1: Ball 1-1: Ground out 6-3 (Groundball, 56, EV 105.0 MPH)
|
Batting: RHB Juan Samuel
|
0-0: Called Strike 0-1: Ball 1-1: SINGLE (Groundball, 6MS, EV 70.0 MPH) (infield hit)
|
Batting: LHB Lenny Dykstra
|
0-0: Ball 1-0: Ball 2-0: Called Strike 2-1: Called Strike 2-2: Ground out 3-1 (Groundball, 3L, EV 81.3 MPH) Juan Samuel to second
|
Batting: RHB Kirby Puckett
|
0-0: Ball 1-0: Called Strike 1-1: Ball Wild Pitch! Juan Samuel to third 2-1: Fly out, F9 (Flyball, 89D, EV 88.1 MPH)
|
Bottom of the 8th over - 0 runs, 1 hit, 0 errors, 1 left on base; New York 4 - Texas 4 |
TOP OF THE 9TH |
New York Yankees batting - Pitching for Texas Rangers : RHP Ben Hayes
|
Pinch Hitting: SHB Tim Raines
|
0-0: Called Strike 0-1: SINGLE (Line Drive, 78M, EV 103.8 MPH)
|
Batting: LHB Ron Hassey
|
0-0: Ball 1-0: Ball 2-0: Bunted foul 2-1: Ball 3-1: Sac Bunt to 3S - play at first, batter OUT! 3-4 Tim Raines to second
|
Batting: RHB Emanuel Cortez
|
0-0: Ball Tim Raines steals 3rd base 1-0: Ball 2-0: Called Strike 2-1: Fly out, F6 (Popup, 6, EV 58.1 MPH)
|
Batting: LHB Wade Boggs
|
0-0: Intentional Walk
|
Batting: SHB Willie Wilson
|
0-0: Foul Ball, location: 2F 0-1: Ball 1-1: Ball 2-1: Ball 3-1: Swinging Strike 3-2: SINGLE (Line Drive, 78S, EV 94.4 MPH) Tim Raines scores Wade Boggs to second Wade Boggs to third
|
Pitching: RHP John Sutton
|
|
Batting: LHB Kent Hrbek
|
0-0: Ball 1-0: Ball 2-0: Ground out U3 (Groundball, 3, EV 86.9 MPH)
|
Top of the 9th over - 1 run, 2 hits, 0 errors, 2 left on base; New York 5 - Texas 4 |
BOTTOM OF THE 9TH |
Texas Rangers batting - Pitching for New York Yankees : LHP Jose Paz
|
Now at 2B: Tim Raines
|
|
Now in CF: Larry Hyman
|
|
Batting: RHB Steve Garvey
|
0-0: Called Strike 0-1: Fly out, F9 (Flyball, 9, EV 83.1 MPH)
|
Batting: RHB Steve Balboni
|
0-0: Ball 1-0: Called Strike 1-1: Called Strike 1-2: Ball 2-2: Ground out U3 (Groundball, 3, EV 83.8 MPH)
|
Batting: LHB Jody Helser
|
0-0: Foul Ball, location: 2F 0-1: Ball 1-1: Ball 2-1: Swinging Strike 2-2: Strikes out swinging
|
Bottom of the 9th over - 0 runs, 0 hits, 0 errors, 0 left on base; New York 5 - Texas 4 |
|